 Dungeon Crawl Stone Soup version 0.21-a0-442-g848f44b (webtiles) character file.

529 tof the Twirler (level 7, -4/53 HPs)
             Began as a Demonspawn Gladiator on Nov 13, 2017.
             Killed by nerve-wracking pain
             ... invoked by Grinder
              (14 damage)
             ... on level 4 of the Dungeon.
             The game lasted 00:05:15 (3557 turns).

tof the Twirler (Demonspawn Gladiator)              Turns: 3557, Time: 00:05:16

Health: -4/53      AC: 10    Str: 14    XL:     7   Next: 3%
Magic:  7/7        EV: 15    Int: 10    God:
Gold:   185        SH:  0    Dex: 16    Spells: 6/6 levels left

rFire    . . .     SeeInvis +   a - +0 quarterstaff
rCold    . . .     Gourm    .   (shield currently unavailable)
rNeg     . . .     Faith    .   l - +0 acid dragon scales
rPois    +         Spirit   .   f - +0 helmet
rElec    .         Reflect  .   t - +0 cloak
rCorr    +         Harm     .   E - +0 pair of gloves
MR       .....                  (no boots)
Stlth    ++........             (no amulet)
HPRegen  0.17/turn              r - ring of see invisible (curse)
MPRegen  0.10/turn              v - ring of poison resistance

@: drained
A: claws 2, repulsion field 1, nightstalker 1, rot immunity
a: no special abilities


You were on level 4 of the Dungeon.
You were not hungry.

You visited 1 branch of the dungeon, and saw 4 of its levels.

You collected 185 gold pieces.

Inventory:

Hand Weapons
 a - a +0 quarterstaff (weapon)
Missiles
 b - 18 poisoned needles
 m - 4 javelins (quivered)
Armour
 f - a +0 helmet (worn)
 l - +0 acid dragon scales (worn)
 t - a +0 cloak (worn)
 E - a +0 pair of gloves (worn)
Jewellery
 q - an uncursed ring of protection from fire
 r - a cursed ring of see invisible (left hand)
 v - a ring of poison resistance (right hand)
Scrolls
 e - 3 scrolls of amnesia {unknown}
 g - a scroll of remove curse {unknown}
 i - a scroll of random uselessness {unknown}
 j - 3 scrolls of teleportation {unknown}
 k - a scroll of recharging {unknown}
 o - a scroll of blinking {unknown}
 p - 3 scrolls of identify {unknown}
 y - a scroll of magic mapping {unknown}
Potions
 n - 2 potions of heal wounds {unknown}
 s - a potion of berserk rage {unknown}
 u - a potion of degeneration {unknown}
 w - 2 potions of cancellation {unknown}
 x - a potion of brilliance {unknown}
 B - a potion of curing {unknown}
 C - a potion of agility {unknown}
 D - a potion of might {unknown}
Comestibles
 c - 3 bread rations
 h - 3 fruits
 z - a chunk of flesh
 A - 2 meat rations


   Skills:
 + Level 3.8(3.5) Fighting
 * Level 5.0(4.8) Staves
 - Level 1.7(1.5) Throwing
 + Level 2.7(2.5) Armour
 + Level 4.0(3.8) Dodging


You had 6 spell levels left.
You didn't know any spells.

Dungeon Overview and Level Annotations

Branches:
Dungeon (4/15)
 Temple: D:4-7

Altars:
Hepliaklqana

Annotations:
D:4 Grinder


Innate Abilities, Weirdness & Mutations

You have very sharp fingernails.
You are surrounded by a mild repulsion field. (EV +2)
You are slightly more attuned to the shadows.
You are immune to rotting.


Message History

Grinder hits you.
* * * LOW HITPOINT WARNING * * *
You writhe in agony.
* * * LOW HITPOINT WARNING * * *
Grinder hits you but does no damage.
You can move again.
You thump Grinder!
Grinder is severely wounded.
Grinder misses you.
You closely miss Grinder.
Grinder is severely wounded.
Grinder hits you but does no damage.
You hit Grinder.
Grinder is severely wounded.
Grinder hits you but does no damage.
You hit Grinder.
Grinder is almost dead.
Grinder gestures at you. Pain shoots through your body!
You die...

.... ... #.####+##
#######+#.......#
#...(...........#
#####.(.............#
#....5@.............#
#...(.†......#.###.##
#............#..##.####
###########+###.##.....
#..#'#### ##......#
#......# #....).#
##......#


You could see Grinder.

Vanquished Creatures
  Sigmund (D:2)
  The ghost of tof the Twirler, an amateur DsGl (D:4)
  An orc priest (D:3)
  Jessica (D:3)
  An orc wizard (D:4)
  Robin (D:2)
  4 adders
  4 oozes
  2 dart slugs (D:1)
  2 leopard geckos
  14 orcs
  A giant cockroach (D:3)
  13 goblins
  12 hobgoblins
  3 jackals (D:1)
  A quokka (D:3)
  9 bats
  8 frilled lizards
  8 kobolds
  9 rats
96 creatures vanquished.

Notes
Turn   | Place    | Note
-------+----------+-------------------------------------------
     0 | D:1      | tof the Demonspawn Gladiator began the quest for the Orb.
     0 | D:1      | Reached XP level 1. HP: 16/16 MP: 1/1
   163 | D:1      | Gained mutation: You are slightly more attuned to the shadows. [demonic ancestry]
   163 | D:1      | Reached XP level 2. HP: 22/22 MP: 2/2
   203 | D:1      | Reached skill level 3 in Staves
  1290 | D:2      | Gained mutation: You have sharp fingernails. [demonic ancestry]
  1290 | D:2      | Reached XP level 3. HP: 28/28 MP: 3/3
  1413 | D:2      | Noticed Sigmund
  1414 | D:2      | Reached skill level 1 in Armour
  1484 | D:2      | Killed Sigmund
  1484 | D:2      | Reached skill level 4 in Staves
  1484 | D:2      | Gained mutation: You are surrounded by a mild repulsion field. (EV +2) [demonic ancestry]
  1484 | D:2      | Reached XP level 4. HP: 21/35 MP: 4/4
  1484 | D:2      | Gained mutation: You have very sharp fingernails. [demonic ancestry]
  1484 | D:2      | Reached XP level 5. HP: 25/41 MP: 5/5
  2027 | D:2      | Noticed Robin
  2040 | D:2      | Killed Robin
  2341 | D:3      | Found a hazy altar of Hepliaklqana.
  2350 | D:3      | Noticed Jessica
  2362 | D:3      | Killed Jessica
  2362 | D:3      | Gained mutation: You are immune to rotting. [demonic ancestry]
  2362 | D:3      | Reached XP level 6. HP: 43/47 MP: 6/6
  3088 | D:4      | Noticed tof's ghost (amateur DsGl)
  3403 | D:4      | Killed tof's ghost
  3403 | D:4      | Reached skill level 5 in Staves
  3403 | D:4      | Reached XP level 7. HP: 51/53 MP: 7/7
  3510 | D:4      | Noticed Grinder
  3549 | D:4      | Paralysed by Grinder for 5 turns
  3557 | D:4      | Killed from afar by Grinder

Vault maps used:
D:1:      nicolae_arrival_memento_mori
D:2:      first_bread, guppyfry_early_orc_mine, uniq_sigmund, uniq_robin
D:3:      minmay_door_path, lemuel_tele_altar, uniq_jessica
D:4:      minitemple, uniq_grinder

Skill      XL: |  1  2  3  4  5  6 |
---------------+-------------------+-----
Staves         | 3 4 5 |  5.0
Armour         | 1 2 |  2.7
Dodging        | 3 4 |  4.0
Fighting       | 3 |  3.8
Throwing       | |  1.7

Action                   |  1- 3 |  4- 6 |  7- 9 || total
-------------------------+-------+-------+-------++-------
Melee: Quarterstaff      |    68 |   213 |    21 ||   302
Throw: Throwing net      |       |       |     5 ||     5
       Javelin           |       |       |     1 ||     1
 Stab: Sleeping          |     3 |     5 |       ||     8
  Eat: Chunk             |     2 |     6 |     1 ||     9
Armor: Leather armour    |    11 |       |       ||    11
       Acid dragon scale |    21 |    97 |    15 ||   133
Dodge: Dodged            |    67 |   270 |    17 ||   354

Table legend:
 A = Spawn XP
 B = Non-spawn XP
 C = Spawn XP percentage of total XP
 D = Spawn monster count
 E = Non-spawn monster count
 F = Spawn count percentage of total count
 G = Total turns spent on level
                    A         B        C        D         E        F      G
               +---------+---------+-------+---------+---------+-------+---------
         Total |       0 |     757 |   0.0 |       0 |      96 |   0.0 |  3557
               +---------+---------+-------+---------+---------+-------+---------
           D:1 |       0 |      44 |   0.0 |       0 |      19 |   0.0 |  1328
           D:2 |       0 |     291 |   0.0 |       0 |      37 |   0.0 |   979
           D:3 |       0 |     180 |   0.0 |       0 |      33 |   0.0 |   686
           D:4 |       0 |     242 |   0.0 |       0 |       7 |   0.0 |   564
               +---------+---------+-------+---------+---------+-------+---------
